 Dungeon Crawl Stone Soup version 0.21-a0-286-g6fcecc0 (webtiles) character file.

12429 RKaid the Grappler (level 11, -4/102 HPs)
             Began as a Ghoul Chaos Knight on Sept 28, 2017.
             Slain by a lindwurm (7 damage)
             ... on level 2 of the Lair of Beasts.
             The game lasted 00:52:55 (14263 turns).

RKaid the Grappler (Ghoul Chaos Knight)            Turns: 14263, Time: 00:52:56

Health: -4/102     AC: 12    Str: 18 (19) XL:     11   Next: 93%
Magic:  0/10       EV:  9    Int: 10 (13) God:    Xom [*.....]
Gold:   615        SH:  0    Dex:  5 (8)  Spells: 10/10 levels left

rFire    . . .     SeeInvis .     - Unarmed
rCold    + . .     Gourm    .   (no shield)
rNeg     + + +     Faith    .   F - +0 chain mail
rPois    ∞         Spirit   +   H - +0 helmet
rElec    .         Reflect  .   g - scarf {cloud immunity}
rCorr    .         Harm     .   (no gloves)
MR       .....                  E - +2 pair of boots
Stlth    ..........             w - amulet of guardian spirit {Spirit}
HPRegen  0.00/turn              (no ring)
MPRegen  0.12/turn              (no ring)

@: brilliant, cleaving, rotting
A: rotting body, claws 1, carnivore 3, cold resistance 1, negative energy
resistance 3, inhibited regeneration, torment resistance, unbreathing
a: Renounce Religion


You were on level 2 of the Lair of Beasts.
You worshipped Xom.
You were a special plaything of Xom.
You were not hungry.

You visited 2 branches of the dungeon, and saw 12 of its levels.

You collected 687 gold pieces.
You spent 72 gold pieces at shops.

Inventory:

Hand Weapons
 a - a +0 hunting sling
   (You took it off a goblin on level 2 of the Dungeon)
 h - a +2 dagger of speed
   (You took it off a kobold on level 1 of the Dungeon)
 l - a -2 spear
   (You found it on level 3 of the Dungeon)
 t - the +5 spear of Toigre Joc {antimagic, rF+ Dex+6 Stlth-}
   (You found it on level 7 of the Dungeon)

   It reduces the magical energy of the wielder, and disrupts the spells and
   magical abilities of those hit.
   Natural abilities and divine invocations are not affected.
   It affects your dexterity (+6).
   It protects you from fire.
   It makes you less stealthy.
 L - the cursed +0 shortbow of Extinguishment {freeze, Dex+7, unknown}
   (You took it off a big kobold on level 8 of the Dungeon)

   It causes projectiles fired from it to freeze those they strike, causing
   extra injury to most foes and up to half again as much damage against
   particularly susceptible opponents.
   They can also slow down cold-blooded creatures.
   It affects your dexterity (+7).
   It has a curse placed upon it.
 R - a +1 hand crossbow of flaming
   (You found it on level 9 of the Dungeon)
Missiles
 c - 380 stones (quivered)
 U - 49 sling bullets
Armour
 g - a scarf of cloud immunity (worn)
   (You found it on level 3 of the Dungeon)
 s - a +1 leather armour of magic resistance
   (You took it off an orc on level 10 of the Dungeon)
 E - a +2 pair of boots (worn)
   (You found it on level 7 of the Dungeon)
 F - a +0 chain mail (worn)
   (You took it off an orc warrior on level 7 of the Dungeon)
 H - a +0 helmet (worn)
   (You found it on level 8 of the Dungeon)
 K - a +2 large shield
   (You found it on level 9 of the Dungeon)
Jewellery
 w - an amulet of guardian spirit (around neck) {Spirit}
   (You found it on level 4 of the Dungeon)
 N - an uncursed ring of fire {rF+, rC-}
   (You found it on level 9 of the Dungeon)
Wands
 i - a wand of flame (29/48)
   (You found it on level 2 of the Lair of Beasts)
 v - a wand of lightning (4/15)
   (You found it on level 4 of the Dungeon)
 A - a wand of acid (1/15)
   (You found it on level 7 of the Dungeon)
 B - a wand of iceblast (5/15)
   (You found it on level 1 of the Lair of Beasts)
 Q - a wand of paralysis (8/24)
   (You found it on level 9 of the Dungeon)
 S - a wand of random effects (17/48)
   (You found it on level 10 of the Dungeon)
Scrolls
 b - a scroll of recharging {unknown}
 d - a scroll of fog {unknown}
 e - 2 scrolls of magic mapping {!r}
 f - 5 scrolls of teleportation
 k - a scroll of immolation {unknown}
 m - a scroll of amnesia {unknown}
 o - 2 scrolls of remove curse
 C - a scroll of random uselessness {unknown}
 I - a scroll of holy word {unknown}
 J - a scroll of blinking {unknown}
Potions
 j - a potion of resistance {unknown}
 p - a potion of degeneration {!q}
 r - 2 potions of might
 y - 3 potions of ambrosia
 z - a potion of curing {unknown}
Books
 P - a book of Callings
   (You found it on level 9 of the Dungeon)
Comestibles
 n - 4 meat rations
 q - 5 royal jellies


   Skills:
 + Level 11.4 Fighting
 - Level 1.7 Armour
 * Level 9.6 Dodging
 + Level 13.0 Unarmed Combat


You had 10 spell levels left.
You didn't know any spells.

Dungeon Overview and Level Annotations

Branches:
Dungeon (10/15)            Temple (0/1) D:4            Lair (2/6) D:9
  Swamp: Lair:2-4    Shoals: Lair:2-4     Snake: Lair:2-4    Spider: Lair:2-4
    Orc: D:9-12

Altars:
Ashenzari
Dithmenos
Elyvilon
Gozag
Makhleb
Qazlal
Ru
Trog
Wu Jian
Xom
The Shining One

Shops:
D:9 *   D:10 ?

Portals:
Volcano: Lair:2

Annotations:
D:6 1 runed door, Blork the orc


Innate Abilities, Weirdness & Mutations

Your body is rotting away.
You thrive on raw meat.
You are immune to poison.
You have sharp fingernails.
You are carnivorous and can eat meat at any time.
Your flesh is cold resistant. (rC+)
You are immune to negative energy. (rN+++)
You do not regenerate when monsters are visible.
You are immune to unholy pain and torment.
You can survive without breathing.


Message History

You scratch the basilisk.
You kill the basilisk!
Your Unarmed Combat skill increases to level 13!
Okay, then.
You are now a special plaything of Xom.
Okay, then.
You hear the brisk rumble of an avalanche of rocks. "Try this."
You are caught in a fiery explosion!
The explosion engulfs you!
A hippogriff comes into view.
The hippogriff screeches!
You scratch the hippogriff but do no damage.
You barely miss the hippogriff. The hippogriff bites you.
The hippogriff pecks you.
The hippogriff claws you but does no damage.
You mangle the hippogriff!! The hippogriff bites you! The hippogriff pecks you.
The hippogriff claws you but does no damage.
You claw the hippogriff!
The hippogriff bites you but does no damage.
The hippogriff pecks you but does no damage.
The hippogriff misses you.
You claw the hippogriff!
You kill the hippogriff!
c - 380 stones (gained 12)
You hear the brisk rumble of an avalanche of rocks nearby.
A lindwurm comes into view.
The lindwurm roars!
Found a dark tunnel.
The lindwurm barely misses you.
The lindwurm claws you but does no damage. x2
You barely miss the lindwurm.
The lindwurm bites you but does no damage.
The lindwurm claws you.
The lindwurm claws you but does no damage.
You scratch the lindwurm but do no damage.
You scratch the lindwurm but do no damage.
The lindwurm misses you.
The lindwurm claws you but does no damage.
The lindwurm barely misses you.
You scratch the lindwurm. Xom smiles on you.
Your claws look sharp.
The lindwurm bites you! The lindwurm claws you. x2
You scratch the lindwurm. The lindwurm breathes flames at you.
The blast of flame hits you!
* * * LOW HITPOINT WARNING * * *
You scratch the lindwurm.
Evoke which item? (* to show all) (? for menu, Esc to quit)
Aiming: Iceblast
Press: ? - help, Shift-Dir - straight line The mass of ice explodes!
The iceblast engulfs the lindwurm.
This wand has 7 charges left.
The lindwurm bites you.
* * * LOW HITPOINT WARNING * * *
The lindwurm claws you but does no damage.
The lindwurm barely misses you.
Evoke which item? (* to show all) (? for menu, Esc to quit)
Aiming: Iceblast
Press: ? - help, Shift-Dir - straight line The mass of ice explodes!
The iceblast engulfs the lindwurm.
This wand has 6 charges left.
The lindwurm misses you.
The lindwurm claws you but does no damage.
The lindwurm claws you.
* * * LOW HITPOINT WARNING * * *
Evoke which item? (* to show all) (? for menu, Esc to quit)
Aiming: Iceblast
Press: ? - help, Shift-Dir - straight line The mass of ice explodes!
The iceblast engulfs the lindwurm.
This wand has 5 charges left.
The lindwurm bites you but does no damage.
The lindwurm claws you but does no damage.
The lindwurm claws you.
* * * LOW HITPOINT WARNING * * *
You scratch the lindwurm. The lindwurm misses you.
The lindwurm barely misses you. The lindwurm claws you.
* * * LOW HITPOINT WARNING * * *
You scratch the lindwurm but do no damage.
The lindwurm misses you.
The lindwurm claws you but does no damage.
The lindwurm claws you.
* * * LOW HITPOINT WARNING * * *
You claw the lindwurm! The lindwurm bites you!
* * * LOW HITPOINT WARNING * * *
The lindwurm claws you but does no damage. x2
It was a potion of degeneration.
There was something very wrong with that liquid.
You feel weakened.
You feel dopey.
You feel clumsy.
Xom is amused.
The lindwurm bites you.
* * * LOW HITPOINT WARNING * * *
The lindwurm barely misses you.
The lindwurm claws you but does no damage.
It was a potion of lignification.
You feel woody for a moment.
The lindwurm bites you but does no damage.
The lindwurm claws you but does no damage. x2
It was a potion of brilliance.
You feel clever all of a sudden.
Xom is amused.
The lindwurm bites you!
You die...

##...........................#.
#.#...........................#
#...##........................
#...##.####################...
##.##.## ##.##§### #####..
#.....###...§...#######...#..
#.#...##∩§§§§§≈§$§#.§§..#....
####..##≈≈≈...§≈§§.≈§§≈≈#....
#..##..§k@..§§≈≈≈§..##....
##..##########....§.#...#..
#P..### ######.##########..
##....###.#.###### ...
#................ ...
##................ ...
#................. ..
##................
#................


You could see a lindwurm.

Vanquished Creatures
  Erolcha (D:10)
  A hydra (Lair:1)
  A two-headed ogre (D:10)
  Pikel (D:9)
  5 spiny frogs
  A troll (D:10)
  The ghost of GordonOverkill the Poker, an amateur GnMo (D:3)
  A hippogriff (Lair:2)
  3 wyverns (D:9)
  13 yaks
  2 hungry ghosts (D:7)
  2 basilisks
  An acid dragon (D:7)
  5 water moccasins
  A swamp drake (D:9)
  3 porcupines
  3 orc warriors
  3 ice beasts
  2 sky beasts
  3 slaves
  An ogre (D:6)
  A boggart (D:8)
  3 wolves (Lair:1)
  3 centaurs
  A crocodile (Lair:2)
  A big kobold (D:8)
  4 bullfrogs
  A water moccasin zombie (D:6)
  6 scorpions
  6 killer bees (D:8)
  3 howler monkeys
  2 crimson imps (D:7)
  6 hounds
  A quasit (D:7)
  4 centaur skeletons
  2 bullfrog skeletons
  6 orc priests
  2 jellies
  5 orc wizards
  2 iguanas
  5 worker ants
  A killer bee zombie (D:8)
  A hound skeleton (D:8)
  A worker ant zombie (D:10)
  10 adders
  A shadow imp (D:5)
  2 adder skeletons
  2 worms (D:1)
  6 dart slugs
  2 leopard geckos
  31 orcs
  3 ball pythons
  4 bats
  2 giant cockroaches
  6 goblins
  4 hobgoblins
  13 jackals
  4 quokkas
  3 frilled lizards
  13 kobolds
  A quokka skeleton (D:6)
  A quokka zombie (D:8)
  3 rats
232 creatures vanquished.

Vanquished Creatures (collateral kills)
  2 yaks (Lair:1)
  An ogre (D:5)
  A bullfrog (Lair:1)
  A hound (D:5)
5 creatures vanquished.

Grand Total: 237 creatures vanquished

Notes
Turn   | Place    | Note
-------+----------+-------------------------------------------
     0 | D:1      | RKaid the Ghoul Chaos Knight began the quest for the Orb.
     0 | D:1      | Reached XP level 1. HP: 19/19 MP: 0/0
   105 | D:1      | Reached XP level 2. HP: 26/26 MP: 1/1
   264 | D:1      | Reached skill level 4 in Unarmed Combat
   540 | D:1      | Reached XP level 3. HP: 29/33 MP: 2/2
   912 | D:2      | Found a sacrificial altar of Ru.
  1005 | D:2      | Reached skill level 4 in Fighting
  1025 | D:2      | Reached XP level 4. HP: 37/40 MP: 3/3
  1082 | D:2      | Found a bloodstained altar of Trog.
  1130 | D:2      | XOM: summons 2 hostile demons
  1247 | D:2      | XOM: butterfly on damage
  1302 | D:1      | HP: 10/40 [worm (10)]
  1546 | D:2      | XOM is BORED!
  1546 | D:2      | XOM: summons 2 hostile demons
  1547 | D:2      | Noticed a red devil
  1570 | D:1      | Reached skill level 5 in Unarmed Combat
  1692 | D:1      | XOM: divination: detect items
  1721 | D:2      | XOM: stat loss: -1 Int (6/7)
  1813 | D:2      | XOM: divination: detect creatures
  1843 | D:2      | XOM: god gift: 34 gold pieces
  1942 | D:3      | Found a shadowy altar of Dithmenos.
  2040 | D:3      | XOM: snakes to sticks
  2076 | D:3      | Found a stormy altar of Qazlal.
  2262 | D:3      | Noticed GordonOverkill's ghost (amateur GnMo)
  2421 | D:3      | XOM is BORED!
  2421 | D:3      | XOM: medium Tloc miscast
  2468 | D:3      | XOM: summons friendly crimson imp
  2473 | D:3      | Reached XP level 5. HP: 40/47 MP: 4/4
  2572 | D:3      | XOM: summons 2 hostile shadow creatures
  2826 | D:3      | XOM: cleaving
  2831 | D:3      | XOM: cleaving
  2834 | D:3      | XOM: summons friendly neqoxec
  2852 | D:3      | Killed GordonOverkill's ghost
  2852 | D:3      | Reached skill level 5 in Fighting
  2852 | D:3      | Reached skill level 6 in Unarmed Combat
  2852 | D:3      | Reached XP level 6. HP: 42/56 MP: 5/5
  2952 | D:4      | Got a fine spear
  2958 | D:4      | Identified the +3 spear of Brawl {antimagic, +Fly rN++ Str-5 Dex+4} (You found it on level 4 of the Dungeon)
  3041 | D:4      | XOM: scenery: 1 doors open, 1 doors close
  3249 | D:4      | XOM: cloud trail
  3307 | D:4      | XOM: mild Summ miscast
  3308 | D:4      | Noticed a spatial vortex
  3310 | D:4      | XOM: potion effect (haste)
  3616 | D:4      | Reached skill level 7 in Unarmed Combat
  3817 | D:4      | Reached XP level 7. HP: 46/58 MP: 6/6
  3833 | D:4      | Found an ornate altar of the Wu Jian Council.
  3962 | D:4      | Found a staircase to the Ecumenical Temple.
  4012 | D:4      | Found a glowing golden altar of the Shining One.
  4036 | D:5      | Entered Level 5 of the Dungeon
  4049 | D:5      | XOM: potion effect (might)
  4130 | D:5      | XOM: summons friendly white imp
  4161 | D:5      | Reached skill level 6 in Fighting
  4244 | D:5      | XOM: polymorph white imp -> shadow imp
  4285 | D:5      | Reached skill level 8 in Unarmed Combat
  4685 | D:6      | XOM: god gift: 11 arrows
  4725 | D:6      | Reached XP level 8. HP: 69/71 MP: 7/7
  4857 | D:6      | Noticed Pikel
  4878 | D:6      | XOM: divination: detect items
  5131 | D:6      | Noticed Blork the orc
  5261 | D:6      | XOM: swap monsters
  5295 | D:6      | XOM: cast spell 'Cause Fear'
  5299 | D:6      | Reached skill level 9 in Unarmed Combat
  5376 | D:6      | XOM: divination: detect creatures
  5385 | D:6      | Reached skill level 7 in Fighting
  5398 | D:6      | XOM is BORED!
  5420 | D:6      | HP: 18/72 [water moccasin zombie (5)]
  5429 | D:6      | HP: 16/73 [something (5)]
  5433 | D:6      | HP: 6/73 [something/puff of frost (2)]
  5503 | D:6      | XOM: potion effect (brilliance)
  5505 | D:6      | XOM: summons friendly shadow imp
  5822 | D:6      | XOM: confusion
  5825 | D:6      | XOM: harmless Tmut miscast
  5876 | D:6      | XOM: harmless Pois miscast
  5915 | D:6      | XOM: harmless Conj miscast
  5998 | D:6      | Found a shadowy altar of Dithmenos.
  6143 | D:6      | Found a runed door.
  6338 | D:7      | Found a white marble altar of Elyvilon.
  6368 | D:7      | Reached skill level 10 in Unarmed Combat
  6439 | D:7      | XOM: polymorph ogre -> acid dragon
  6464 | D:6      | HP: 9/73 [centaur/arrow (12)]
  6790 | D:7      | XOM: medium Tmut miscast
  7138 | D:7      | Reached XP level 9. HP: 50/81 MP: 4/8
  7230 | D:7      | Reached skill level 8 in Fighting
  7245 | D:7      | XOM: 5-stop teleportation journey
  7420 | D:6      | Reached skill level 1 in Dodging
  7574 | D:7      | XOM: mild Tloc miscast
  7672 | D:7      | XOM: mild Fire miscast
  7711 | D:7      | Reached skill level 2 in Dodging
  7842 | D:7      | XOM: mild Tloc miscast
  8007 | D:7      | Reached skill level 3 in Dodging
  8033 | D:7      | Got a jewelled spear
  8102 | D:8      | XOM: 1-stop teleportation journey
  8105 | D:8      | XOM: 2-stop teleportation journey
  8112 | D:8      | XOM: chaos cloud
  8121 | D:8      | Reached skill level 11 in Unarmed Combat
  8425 | D:8      | XOM: polymorph orc priest -> boggart
  8484 | D:8      | Reached skill level 4 in Dodging
  8519 | D:8      | XOM: harmless Necr miscast
  8521 | D:8      | Reached skill level 9 in Fighting
  8526 | D:8      | XOM: scenery: create altars
  8532 | D:8      | XOM: confusion (+ monsters)
  8692 | D:8      | Reached XP level 10. HP: 48/91 MP: 7/9
  8974 | D:8      | Got an ichor-stained shortbow
  9092 | D:8      | XOM: cloud trail
  9471 | D:9      | Found a shattered altar of Ashenzari.
  9473 | D:9      | Found a burning altar of Makhleb.
  9525 | D:9      | XOM: divination: detect creatures
  9555 | D:9      | Reached skill level 5 in Dodging
  9600 | D:9      | XOM: harmless Pois miscast
  9604 | D:9      | Killed Pikel
  9626 | D:9      | Found Gafatsurph's General Store.
  9670 | D:9      | Found an opulent altar of Gozag.
 10009 | D:9      | XOM: harmless Hex miscast
 10091 | D:9      | XOM: confuse monster(s)
 10119 | D:9      | XOM: confuse monster(s)
 10120 | D:9      | XOM: cast spell 'Olgreb's Toxic Radiance'
 10122 | D:9      | Reached skill level 6 in Dodging
 10186 | D:9      | Found a staircase to the Lair.
 10343 | D:10     | Entered Level 10 of the Dungeon
 10373 | D:10     | Found Lemeqy's Magic Scroll Emporium.
 10391 | D:10     | Noticed Erolcha
 10391 | D:10     | XOM: confuse monster(s)
 10439 | D:10     | Killed Erolcha
 10439 | D:10     | Reached skill level 10 in Fighting
 10580 | D:10     | XOM: noise
 10617 | D:10     | Reached skill level 12 in Unarmed Combat
 10709 | D:10     | XOM: potion effect (brilliance)
 10717 | D:10     | Noticed a two-headed ogre
 10718 | D:10     | Reached skill level 7 in Dodging
 10719 | D:10     | XOM: cast spell 'Alistair's Intoxication'
 10827 | D:9      | XOM: mild Ice miscast
 10913 | D:10     | XOM: cast spell 'Alistair's Intoxication'
 10914 | D:10     | XOM: potion effect (invisibility)
 10916 | D:10     | XOM: harmless Ice miscast
 10922 | D:10     | Killed a two-headed ogre
 10922 | D:10     | Reached XP level 11. HP: 52/100 MP: 6/10
 10945 | D:10     | Bought a scroll of identify for 24 gold pieces
 10945 | D:10     | Bought a scroll of identify for 24 gold pieces
 10945 | D:10     | Bought a scroll of identify for 24 gold pieces
 10949 | D:10     | Identified the +5 spear of Toigre Joc {antimagic, rF+ Dex+6 Stlth-} (You found it on level 7 of the Dungeon)
 10988 | D:10     | XOM: cast spell 'Summon Small Mammal'
 11025 | D:10     | Reached skill level 8 in Dodging
 11117 | D:10     | XOM: noise
 11247 | D:10     | XOM: 6-stop teleportation journey
 11333 | D:10     | XOM: fog
 11402 | D:10     | XOM: cloud trail
 11633 | Lair:1   | Entered Level 1 of the Lair of Beasts
 11775 | Lair:1   | XOM: 1-stop teleportation journey
 11776 | Lair:1   | Noticed an eight-headed hydra
 11805 | Lair:1   | XOM: harmless Hex miscast
 11818 | Lair:1   | XOM: polymorph basilisk -> sky beast
 11824 | Lair:1   | XOM: summons 4 friendly demons
 11840 | Lair:1   | HP: 25/101 [eight-headed hydra (1)]
 11870 | D:9      | XOM: harmless Conj miscast
 11892 | D:9      | XOM: noise
 12252 | Lair:1   | HP: 19/99 [eight-headed hydra (7)]
 12252 | Lair:1   | HP: 8/99 [eight-headed hydra (3)]
 12252 | Lair:1   | HP: 2/99 [eight-headed hydra (6)]
 12253 | Lair:1   | Killed an eight-headed hydra
 12384 | Lair:1   | XOM: potion effect (agility)
 12735 | Lair:1   | XOM: divination: detect creatures
 12905 | Lair:1   | Reached skill level 11 in Fighting
 12907 | Lair:1   | XOM: cast spell 'Shadow Creatures'
 12923 | Lair:1   | XOM: summons 2 friendly demons
 12951 | Lair:1   | XOM: divination: magic mapping
 12991 | Lair:1   | Reached skill level 9 in Dodging
 12991 | Lair:1   | XOM: potion effect (magic)
 13426 | Lair:1   | XOM: cast spell 'Leda's Liquefaction'
 13777 | Lair:1   | XOM: harmless Hex miscast
 14145 | Lair:2   | XOM: noise
 14162 | Lair:2   | Reached skill level 13 in Unarmed Combat
 14224 | Lair:2   | XOM: medium Fire miscast
 14245 | Lair:2   | Found a dark tunnel.
 14245 | Lair:2   | Noticed a lindwurm
 14252 | Lair:2   | XOM: cleaving
 14255 | Lair:2   | HP: 24/102 [lindwurm (2)]
 14260 | Lair:2   | HP: 4/102 [lindwurm (11)]
 14263 | Lair:2   | Slain by a lindwurm

Vault maps used:
D:1:      dpeg_arrival_leaves_temple_mockup
D:2:      lemuel_round_altar, nicolae_ru_sacrificial_ziggurat
D:3:      nicolae_qazlal_general_emergency, overflow_temple_1_default,
          first_bread
D:4:      overflow_temple_1_default, nicolae_tso_swordbearing_angel,
          minmay_temple_entry_glassed_door
D:6:      nicolae_dithmenos_the_darkroom, uniq_blork_the_orc,
          uniq_crazy_yiuf_cottage, uniq_pikel
D:7:      lemuel_doored_altar
D:8:      minmay_misc_feat_plants
D:9:      grunt_gozag_breadcrumbs, nicolae_overflow_hidden_temple,
          erik_lair_dragon, serial_shops, shop_statue
D:10:     serial_shops, shop, uniq_erolcha
Lair:1:   lemuel_fruit_fields, infiniplex_staircase_pool_2, grunt_megastairs_3,
          lemuel_fruit_tree, lemuel_fruit_fields, serial_bayou_shore_b
Lair:2:   nicolae_volcano_entry_vermiform, grunt_megastairs_5

Skill      XL: |  1  2  3  4  5  6  7  8  9 10 11 |
---------------+----------------------------------+-----
Unarmed Combat | 4 5 6 7 8 10 11 12 13 | 13.0
Fighting       | 4 5 6 7 9 10 11 | 11.4
Dodging        | 4 7 9 |  9.6
Armour         | |  1.7

Action                   |  1- 3 |  4- 6 |  7- 9 | 10-12 || total
-------------------------+-------+-------+-------+-------++-------
Melee: Unarmed           |    82 |   205 |   390 |   350 ||  1027
       Punch             |     1 |       |    14 |    12 ||    27
       Dagger            |       |       |       |     5 ||     5
       Spear             |       |       |       |     4 ||     4
 Fire: Hunting sling     |     6 |    37 |    16 |    17 ||    76
Evoke: Wand              |       |       |     1 |    12 ||    13
  Use: Scroll            |       |     5 |     6 |    10 ||    21
       Potion            |       |       |     2 |     4 ||     6
 Stab: Distracted        |       |       |     1 |       ||     1
       Confused          |       |       |       |     2 ||     2
       Invisible         |       |       |       |     8 ||     8
  Eat: Chunk             |     1 |     7 |    22 |    37 ||    67
Armor: Leather armour    |    21 |    72 |    67 |       ||   160
       Chain mail        |       |       |    68 |   160 ||   228
Dodge: Dodged            |    36 |   105 |   185 |   151 ||   477

Table legend:
 A = Spawn XP
 B = Non-spawn XP
 C = Spawn XP percentage of total XP
 D = Spawn monster count
 E = Non-spawn monster count
 F = Spawn count percentage of total count
 G = Total turns spent on level
                    A         B        C        D         E        F      G
               +---------+---------+-------+---------+---------+-------+---------
         Total |       0 |   17757 |   0.0 |       0 |     234 |   0.0 | 14263
               +---------+---------+-------+---------+---------+-------+---------
           D:1 |       0 |      55 |   0.0 |       0 |      24 |   0.0 |  1124
           D:2 |       0 |      64 |   0.0 |       0 |       9 |   0.0 |   782
           D:3 |       0 |     285 |   0.0 |       0 |      16 |   0.0 |   970
           D:4 |       0 |     222 |   0.0 |       0 |      12 |   0.0 |  1160
           D:5 |       0 |     357 |   0.0 |       0 |      12 |   0.0 |  1338
           D:6 |       0 |    1041 |   0.0 |       0 |      22 |   0.0 |  1525
           D:7 |       0 |    1547 |   0.0 |       0 |      29 |   0.0 |  1185
           D:8 |       0 |    1370 |   0.0 |       0 |      40 |   0.0 |  1345
           D:9 |       0 |    1849 |   0.0 |       0 |      13 |   0.0 |  1590
          D:10 |       0 |    3921 |   0.0 |       0 |      25 |   0.0 |  1006
        Lair:1 |       0 |    4823 |   0.0 |       0 |      21 |   0.0 |  1848
        Lair:2 |       0 |    2223 |   0.0 |       0 |      11 |   0.0 |   390
               +---------+---------+-------+---------+---------+-------+---------

Table legend:
 A = Turns spent in this place as a percentage of turns spent in the entire game.
 B = Non-inter-level travel turns spent in this place as a percentage of non-inter-level travel turns spent in the entire game.
 C = Inter-level travel turns spent in this place as a percentage of turns spent in this place.
 D = Turns resting spent in this place as a percentage of non-inter-level travel turns spent in this place.
 E = Turns spent auto-exploring this place as a percentage of non-inter-level travel turns spent in this place.
 F = Non-inter-level travel turns spent in this place divided by the number of levels of this place that you've seen.
                   A       B       C       D       E      F
               +-------+-------+-------+-------+-------+----------------------
         Total | 100.0 | 100.0 |   3.9 |  30.7 |  41.7 | 1142.4
       Dungeon |  84.3 |  83.8 |   4.4 |  29.9 |  42.6 | 1149.0
          Lair |  15.7 |  16.2 |   0.8 |  34.9 |  36.9 | 1109.5
               +-------+-------+-------+-------+-------+----------------------

Table legend:
 A = Kills in this place as a percentage of kills in entire the game.
 B = Kills by you in this place as a percentage of kills by you in the entire game.
 C = Kills by friends in this place as a percentage of kills by friends in the entire game.
 D = Other kills in this place as a percentage of other kills in the entire game.
 E = Experience gained in this place as a percentage of experience gained in the entire game.
 F = Experience gained in this place divided by the number of levels of this place that you have seen.
                   A       B       C       D       E      F
               +-------+-------+-------+-------+-------+----------------------
         Total | 100.0 | 100.0 | 100.0 | 100.0 | 100.0 | 1479.8
       Dungeon |  86.3 |  87.3 |  40.0 | 100.0 |  60.3 | 1071.1
          Lair |  13.7 |  12.7 |  60.0 |   0.0 |  39.7 | 3523.0
               +-------+-------+-------+-------+-------+----------------------
